Map: Hecate LE

Players

ShaDoWn - Winner!

  • Race: Protoss Protoss
  • Spawn Location: 7:00

trigger

  • Race: Protoss Protoss
  • Spawn Location: 1:00

Event: ESL SC2 Masters 2023 Winter (Finals)

VOD

Have the link to the VOD?

Description

Time

  • Played on: Dec. 15, 2023, 4:33 p.m.
  • Length: 13:07

All games in this series

Show
View Real Time Build Order
Export as new Build Order

ShaDoWn Protoss - Winner!

Build Orders: Oracle Opening 

Get SALT Encoding   

  12  0:01  Probe  
  13  0:13  Probe  
  14  0:17  Pylon  
  14  0:25  Probe (Chrono Boost)  
  15  0:35  Gateway  
  15  0:37  Probe (Chrono Boost)  
  15  0:42  Assimilator  
  16  0:46  Probe (Chrono Boost)  
  17  0:52  Probe (Chrono Boost)  
  17  0:55  Assimilator  
  18  1:04  Probe (Chrono Boost)  
  19  1:08  Gateway  
  19  1:13  Probe (Chrono Boost)  
  19  1:18  Probe  
  20  1:23  Cybernetics Core  
  21  1:30  Probe  
  22  1:36  Pylon  
  22  1:42  Probe  
  23  1:57  Probe  
  23  1:59  Stargate  
  23  2:00  Adept  
  26  2:03  Warp Gate  
  26  2:12  Stalker  
  28  2:20  Pylon  
  28  2:33  Probe  
  28  2:42  Oracle (Chrono Boost)  
  30  2:45  Probe  
  32  2:54  Stalker  
  32  2:58  Probe  
  35  3:09  Oracle (Chrono Boost)  
  35  3:10  Probe  
  39  3:18  Pylon  
  38  3:22  Probe  
  38  3:23  Shield Battery  
  39  3:30  Robotics Facility  
  39  3:36  Probe  
  40  3:45  Pylon  
  40  3:48  Probe  
  41  4:01  Probe  
  40  4:10  Gateway  
  40  4:14  Adept x2  
  40  4:15  Immortal (Chrono Boost)  
  48  4:29  Pylon  
  48  4:35  Sentry  
  50  4:47  Immortal (Chrono Boost)  
  50  4:48  Adept  
  54  5:08  Gateway  
  54  5:09  Sentry  
  54  5:10  Adept  
  58  5:23  Warp Prism (Chrono Boost)  
  60  5:41  Adept  
  62  5:45  Pylon  
  62  5:52  Probe  
  63  5:59  Nexus  
  63  6:02  Pylon  
  63  6:04  Probe  
  63  6:07  Sentry x2  
  68  6:16  Probe  
  69  6:28  Probe  
  70  6:36  Observer  
  71  6:40  Probe  
  72  6:53  Probe (Chrono Boost)  
  73  7:01  Twilight Council  
  73  7:02  Forge  
  73  7:04  Probe (Chrono Boost)  
  74  7:08  Nexus  
  74  7:09  Probe (Chrono Boost)  
  74  7:14  Probe (Chrono Boost)  
  70  7:20  Pylon  
  68  7:23  Adept  
  68  7:24  Adept x2  
  68  7:27  Protoss Ground Weapons Level 1  
  68  7:28  Probe (Chrono Boost)  
  68  7:29  Probe (Chrono Boost)  
  74  7:35  Blink (Chrono Boost)  
  74  7:38  Probe  
  75  7:46  Probe  
  75  7:50  Probe  
  77  7:56  Assimilator  
  77  8:00  Gateway  
  77  8:01  Gateway  
  77  8:03  Probe  
  77  8:04  Shield Battery  
  78  8:08  Probe  
  79  8:15  Probe  
  79  8:19  Stalker x3  
  86  8:21  Probe  
  86  8:23  Probe  
  88  8:27  Observer (Chrono Boost)  
  88  8:31  Gateway  
  89  8:35  Probe x2  
  92  8:44  Stalker x2  
  95  8:50  Stalker  
  95  8:54  Immortal (Chrono Boost)  
  87  9:02  Stalker x2  
  95  9:10  Stalker x2  
  95  9:16  Shield Battery  
  99  9:18  Assimilator, Pylon  
  99  9:21  Stalker  
  97  9:35  Stalker x3  
  84  9:47  Stalker x3  
  84  9:48  Probe  
  76  9:53  Probe  
  76  9:59  Probe  
  68  10:00  Stalker x2, Probe  
  68  10:05  Probe  
  68  10:11  Probe  
  68  10:12  Protoss Ground Weapons Level 2 (Chrono Boost), Probe  
  68  10:17  Probe  
  69  10:23  Probe  
  69  10:24  Probe, Adept  
  69  10:25  Adept  
  75  10:29  Probe  
  75  10:32  Stalker  
  75  10:35  Probe  
  79  10:36  Probe  
  79  10:37  Stalker  
  80  10:45  Stalker x2  
  80  10:46  Probe  
  85  10:51  Stalker  
  85  10:54  Stalker, Probe  
  91  10:58  Stalker  
  92  11:05  Stalker  
  92  11:06  Probe  
  92  11:09  Stalker x2  
  97  11:15  Stalker  
  95  11:20  Probe  
  96  11:30  Stalker x3  
  96  11:31  Probe  
  89  11:47  Stalker  
  89  11:48  Stalker x2  
  85  11:56  Nexus  
  85  11:57  Stalker x3, Pylon  
  87  12:20  Observer  
  83  12:24  Stalker x6  
  83  12:25  Probe  
  83  12:26  Probe  
  83  12:28  Probe  
  94  12:35  Observer (Chrono Boost)  
  95  12:37  Probe  
  95  12:38  Probe  
  95  12:40  Probe  
  90  12:48  Stalker x4  
  90  12:49  Zealot x2  
  90  12:50  Probe x2  
Show
View Real Time Build Order
Export as new Build Order

trigger Protoss 

Build Orders:  

Get SALT Encoding   

  12  0:00  Probe  
  13  0:12  Probe  
  14  0:17  Pylon  
  14  0:24  Probe (Chrono Boost)  
  15  0:37  Probe (Chrono Boost)  
  15  0:38  Gateway  
  16  0:43  Probe (Chrono Boost)  
  16  0:47  Assimilator  
  17  0:51  Probe  
  17  0:55  Assimilator  
  18  1:03  Probe (Chrono Boost)  
  19  1:10  Gateway  
  19  1:12  Probe (Chrono Boost)  
  19  1:18  Probe  
  20  1:25  Cybernetics Core  
  21  1:30  Probe  
  22  1:33  Pylon  
  22  1:42  Probe  
  23  1:54  Probe  
  23  2:00  Stalker  
  23  2:01  Warp Gate, Stalker  
  28  2:09  Probe, Pylon  
  29  2:31  Stalker x2  
  29  2:35  Robotics Facility  
  33  2:40  Shield Battery  
  33  2:44  Probe  
  34  3:02  Shield Battery  
  34  3:05  Sentry  
  36  3:07  Stalker  
  38  3:17  Gateway  
  38  3:39  Warp Prism (Chrono Boost), Pylon  
  39  4:01  Stalker  
  39  4:02  Stalker  
  43  4:08  Pylon  
  43  4:12  Stalker  
  45  4:41  Probe  
  45  4:43  Observer  
  47  4:46  Nexus  
  47  4:49  Pylon  
  47  4:53  Probe (Chrono Boost)  
  47  4:56  Stalker  
  46  5:11  Probe (Chrono Boost)  
  47  5:15  Probe (Chrono Boost)  
  47  5:16  Phoenix  
  48  5:24  Immortal (Chrono Boost)  
  52  5:30  Probe  
  52  5:35  Sentry  
  55  5:43  Probe  
  56  5:54  Shield Battery  
  56  5:55  Stalker  
  59  5:57  Probe (Chrono Boost)  
  59  5:59  Probe (Chrono Boost)  
  60  6:11  Probe (Chrono Boost)  
  61  6:12  Probe (Chrono Boost)  
  60  6:21  Probe (Chrono Boost)  
  60  6:23  Probe (Chrono Boost)  
  62  6:28  Immortal  
  62  6:29  Sentry  
  70  6:34  Probe (Chrono Boost)  
  70  6:35  Probe (Chrono Boost), Adept  
  70  6:39  Probe (Chrono Boost)  
  72  6:41  Pylon  
  72  6:43  Probe  
  73  6:50  Sentry, Probe  
  76  6:56  Probe  
  76  6:58  Twilight Council  
  77  7:04  Adept  
  78  7:10  Probe  
  78  7:11  Probe  
  80  7:22  Immortal (Chrono Boost), Probe  
  77  7:23  Probe  
  80  7:33  Adept x3  
  80  7:36  Blink (Chrono Boost)  
  83  7:42  Probe (Chrono Boost)  
  85  7:44  Assimilator, Probe (Chrono Boost)  
  85  7:52  Forge  
  85  7:56  Probe (Chrono Boost)  
  86  8:01  Pylon  
  86  8:20  Pylon  
  86  8:21  Protoss Ground Weapons Level 1 (Chrono Boost), Pylon  
  86  8:25  Stalker  
  86  8:30  Pylon  
  86  8:32  Gateway  
  86  8:39  Stalker x2  
  90  8:50  Stalker  
  90  8:55  Nexus  
  92  9:03  Stalker x2  
  92  9:07  Pylon  
  96  9:19  Probe x2  
  98  9:26  Stalker x3  
  104  9:34  Stalker  
  78  9:54  Stalker x2  
  78  9:55  Probe x2 (Chrono Boost), Stalker  
  68  10:06  Stalker x2  
  62  10:07  Probe (Chrono Boost)  
  62  10:08  Probe (Chrono Boost)  
  62  10:13  Probe (Chrono Boost)  
  65  10:16  Probe (Chrono Boost)  
  65  10:17  Probe (Chrono Boost)  
  65  10:18  Protoss Ground Weapons Level 2 (Chrono Boost), Stalker x2  
  65  10:20  Probe (Chrono Boost)  
  72  10:22  Probe  
  72  10:27  Charge  
  74  10:32  Stalker x2  
  74  10:34  Probe  
  78  10:37  Probe  
  79  10:46  Stalker x2  
  83  10:51  Probe  
  83  10:54  Probe  
  83  10:56  Stalker  
  79  10:58  Shield Battery  
  79  10:59  Gateway  
  79  11:02  Gateway  
  77  11:05  Probe  
  78  11:14  Stalker x3  
  78  11:18  Pylon  
  78  11:25  Stalker  
  78  11:30  Probe x2  
  78  11:31  Probe  
  78  11:32  Immortal  
  71  11:43  Zealot x2  
  71  11:45  Probe  
  66  11:48  Probe (Chrono Boost)  
  54  11:59  Probe (Chrono Boost)  
  54  12:00  Probe (Chrono Boost)  
  55  12:03  Probe (Chrono Boost)  
  55  12:08  Probe x2 (Chrono Boost)  
  57  12:11  Probe (Chrono Boost)  
  55  12:20  Stalker  
  48  12:23  Zealot x2  
  44  12:36  Stalker x2  
  44  12:39  Stalker  
  46  12:48  Stalker  
  48  12:53  Stalker  
  48  12:56  Stalker  
Tags
 
Add a new tag
Caveats
  • Supply blocks, unpowered buildings, or Contaminate may cause inaccurate times.
  • Supply counts are checked every 10 seconds.